AoeStats
← Elgalloernie

Glade

510527317Analyzed
1v1 RM · 2d ago on Oct 1, 2026· 27m 8s· 2 players
Game mode
Random Map
Map size
Tiny (2 player)
Population
200
Speed
Normal
Resources
Standard
Victory
Conquest
Starting age
Dark Age
Ending age
Imperial Age
RankedLock teamsTeams togetherTeam positionsShared explorationLock speedFull tech treeHidden civsTurbo modeCheats
Victory
Defeat
🇫🇷 Persians · France
277
+17
🇪🇸 Bengalis · Spain
305
-17
berenger.dewilde
12:47 Feudal Age
11:55 Loom
13:10 Double-Bit Axe
13:09 Horse Collar
14:14 Wheelbarrow
13:24 Town Watch
17:49 Gold Mining
17:53 Stone Mining
18:14 Scale Barding Armor
18:11 Padded Archer Armor
18:02 Fletching
18:06 Man-at-Arms
18:52 Scale Mail Armor
19:03 Forging
Elgalloernie
15:15 Feudal Age
16:20 Double-Bit Axe
18:30 Horse Collar
20:59 Wheelbarrow
19:50 Man-at-Arms
24:33 Bloodlines
Connection lost

Rejoining the realm…

Still unreachable

The connection could not be restored.

Session expired

The server has moved on; the page needs a fresh start.